PL
PANAMA CITY PIRANHAS @ PHOENIX HOTSPUR
08/17/2032
 
TOP OF THE 1ST
Panama City Piranhas batting - Pitching for Phoenix Hotspur : LHP Wes Hamm
Pitching: LHP Wes Hamm
Batting: RHB Peter Heard 0-0: Ball
1-0: Foul Ball, location: 2F
1-1: Fly out, F8 (Flyball, 8RD)
Batting: RHB Mike Strickland 0-0: Called Strike
0-1: Foul Ball, location: 2F
0-2: Ball
1-2: Ball
2-2: Ground out 4-3 (Groundball, 4M)
Batting: RHB Sergio Ortíz 0-0: Called Strike
0-1: Foul Ball, location: 2F
0-2: Ball
1-2: Foul Ball, location: 2F
1-2: Ball
2-2: Foul Ball, location: 2F
2-2: Fly out, F8 (Flyball, 78XD)
Top of the 1st over - 0 runs, 0 hits, 0 errors, 0 left on base; Panama City 0 - Phoenix 0
BOTTOM OF THE 1ST
Phoenix Hotspur batting - Pitching for Panama City Piranhas : RHP Pedro Ramírez
Pitching: RHP Pedro Ramírez
Batting: RHB Kyle Bywaters 0-0: Ball
1-0: Ball
2-0: Ball
3-0: Base on Balls
Batting: LHB Francisco García 0-0: Ball
Kyle Bywaters is caught stealing 2nd base
1-0: Swinging Strike
1-1: Swinging Strike
1-2: Foul Ball, location: 2F
1-2: Ball
2-2: Strikes out looking
Batting: LHB Tadayoshi Watanabe 0-0: Ball
1-0: Foul Ball, location: 2F
1-1: Ground out 6-3 (Groundball, 4M)
Bottom of the 1st over - 0 runs, 0 hits, 0 errors, 0 left on base; Panama City 0 - Phoenix 0
TOP OF THE 2ND
Panama City Piranhas batting - Pitching for Phoenix Hotspur : LHP Wes Hamm
Batting: RHB Tak-hing Huang 0-0: Ball
1-0: Foul Ball, location: 2F
1-1: Swinging Strike
1-2: Strikes out swinging, 2-3 out at first.
Batting: RHB Micah Coffey 0-0: Foul Ball, location: 2F
0-1: Called Strike
0-2: Foul Ball, location: 2F
0-2: Ball
1-2: Strikes out looking
Batting: RHB Andy Putman 0-0: Ball
1-0: Called Strike
1-1: Ball
2-1: Fly out, F9 (Flyball, 89M)
Top of the 2nd over - 0 runs, 0 hits, 0 errors, 0 left on base; Panama City 0 - Phoenix 0
BOTTOM OF THE 2ND
Phoenix Hotspur batting - Pitching for Panama City Piranhas : RHP Pedro Ramírez
Batting: LHB Harumi Takaki 0-0: Called Strike
0-1: Foul Ball, location: 2F
0-2: Ball
1-2: Strikes out swinging
Batting: RHB Julián De Paz 0-0: Ball
1-0: Ball
2-0: Foul Ball, location: 2F
2-1: Fly out, F8 (Flyball, 78M)
Batting: LHB Wagaw Lukongolo 0-0: Called Strike
0-1: Ball
1-1: Fly out, F9 (Flyball, 9LSF)
Bottom of the 2nd over - 0 runs, 0 hits, 0 errors, 0 left on base; Panama City 0 - Phoenix 0
TOP OF THE 3RD
Panama City Piranhas batting - Pitching for Phoenix Hotspur : LHP Wes Hamm
Batting: LHB Chris McKinney 0-0: Ball
1-0: Foul Ball, location: 2F
1-1: Fly out, F3 (Line Drive, 3)
Batting: RHB Leo Cadden 0-0: Ball
1-0: Called Strike
1-1: Ball
2-1: Swinging Strike
2-2: Foul Ball, location: 2F
2-2: Ball
3-2: Base on Balls
Batting: RHB Raúl Ortíz 0-0: Ball
1-0: Ball
2-0: Called Strike
2-1: Foul Ball, location: 2F
2-2: Strikes out swinging
Batting: RHB Peter Heard 0-0: Ball
1-0: Called Strike
1-1: Ball
2-1: Foul Ball, location: 2F
2-2: Foul Ball, location: 2F
2-2: Fielders Choice at 2nd, 5-4 (Groundball, 5)
Top of the 3rd over - 0 runs, 0 hits, 0 errors, 1 left on base; Panama City 0 - Phoenix 0
BOTTOM OF THE 3RD
Phoenix Hotspur batting - Pitching for Panama City Piranhas : RHP Pedro Ramírez
Batting: RHB Pierre Bernard 0-0: Foul Ball, location: 2F
0-1: Ball
1-1: Ball
2-1: Swinging Strike
2-2: Strikes out looking
Batting: RHB Randy Rehling 0-0: Ball
1-0: Foul Ball, location: 2F
1-1: Ball
2-1: Fly out, F8 (Flyball, 8LXD)
Batting: RHB Enrico Sánchez 0-0: Called Strike
0-1: Ball
1-1: SOLO HOME RUN (Flyball, 7LD), Distance : 359 ft
Batting: RHB Kyle Bywaters 0-0: Called Strike
0-1: Foul Ball, location: 2F
0-2: Ball
1-2: Strikes out swinging
Bottom of the 3rd over - 1 run, 1 hit, 0 errors, 0 left on base; Panama City 0 - Phoenix 1
TOP OF THE 4TH
Panama City Piranhas batting - Pitching for Phoenix Hotspur : LHP Wes Hamm
Batting: RHB Mike Strickland 0-0: Ball
1-0: Called Strike
1-1: Ball
2-1: Ground out 4-3 (Groundball, 4)
Batting: RHB Sergio Ortíz 0-0: Ball
1-0: Fly out, F9 (Flyball, 9)
Batting: RHB Tak-hing Huang 0-0: DOUBLE (Line Drive, 7D)
Batting: RHB Micah Coffey 0-0: Ball
1-0: Ball
2-0: Foul Ball, location: 2F
2-1: Foul Ball, location: 2F
2-2: Ball
3-2: Ground out 4-3 (Groundball, 4)
Top of the 4th over - 0 runs, 1 hit, 0 errors, 1 left on base; Panama City 0 - Phoenix 1
BOTTOM OF THE 4TH
Phoenix Hotspur batting - Pitching for Panama City Piranhas : RHP Pedro Ramírez
Batting: LHB Francisco García 0-0: Foul Ball, location: 2F
0-1: Ball
1-1: SINGLE (Line Drive, 6MD)
Batting: LHB Tadayoshi Watanabe 0-0: Ball
Francisco García steals 2nd base
1-0: Fly out, F7 (Flyball, 7D)
Runner from 2nd tags up, SAFE at 3rd, no throw
Batting: LHB Harumi Takaki 0-0: Called Strike
0-1: Ball
1-1: Ball
2-1: Ball
3-1: Fly out, F9 (Flyball, 89D)
Runner from 3rd tags up, SCORES, throw made
Batting: RHB Julián De Paz 0-0: Ball
1-0: Called Strike
1-1: Called Strike
1-2: Ball
2-2: Foul Ball, location: 2F
2-2: Fly out, F9 (Flyball, 9LS)
Bottom of the 4th over - 1 run, 1 hit, 0 errors, 0 left on base; Panama City 0 - Phoenix 2
TOP OF THE 5TH
Panama City Piranhas batting - Pitching for Phoenix Hotspur : LHP Wes Hamm
Batting: RHB Andy Putman 0-0: SINGLE (Groundball, 34D)
Batting: LHB Chris McKinney 0-0: Ball
1-0: Called Strike
1-1: Foul Ball, location: 2F
1-2: Foul Ball, location: 2F
1-2: Strikes out looking
Batting: RHB Leo Cadden 0-0: Ball
1-0: Ball
2-0: Called Strike
2-1: Foul Ball, location: 2F
2-2: Ball
3-2: SINGLE (Groundball, 6) (infield hit)
Andy Putman to second
Batting: RHB Raúl Ortíz 0-0: Called Strike
0-1: Foul Ball, location: 2F
0-2: Strikes out swinging
Batting: RHB Peter Heard 0-0: Called Strike
0-1: Ball
1-1: Ball
2-1: Ball
3-1: DOUBLE (Line Drive, 3D)
Andy Putman scores
Leo Cadden to third
Runner from 3rd tries for Home, SAFE, no throw
Batting: RHB Mike Strickland 0-0: Foul Ball, location: 2F
0-1: Ball
Wild Pitch!
Peter Heard to third
1-1: Foul Ball, location: 2F
1-2: Foul Ball, location: 2F
1-2: Ball
2-2: Foul Ball, location: 2F
2-2: Foul Ball, location: 2F
2-2: Foul Ball, location: 2F
2-2: Foul Ball, location: 2F
2-2: Fly out, F8 (Flyball, 8RD)
Top of the 5th over - 2 runs, 3 hits, 0 errors, 1 left on base; Panama City 2 - Phoenix 2
BOTTOM OF THE 5TH
Phoenix Hotspur batting - Pitching for Panama City Piranhas : RHP Pedro Ramírez
Batting: LHB Wagaw Lukongolo 0-0: Ball
1-0: Called Strike
1-1: Called Strike
1-2: Single, Error in OF, E7, batter to second base
Batting: RHB Pierre Bernard 0-0: Ball
1-0: Ball
2-0: Fly out, F9 (Flyball, 9S)
Batting: RHB Randy Rehling 0-0: Ball
1-0: Swinging Strike
1-1: Foul Ball, location: 2F
1-2: Ball
2-2: Ground out U3 (Groundball, 34S)
Wagaw Lukongolo to third
Batting: RHB Enrico Sánchez 0-0: Ball
1-0: Ball
2-0: Ball
3-0: Base on Balls
Batting: RHB Kyle Bywaters 0-0: Ball
1-0: SINGLE (Line Drive, 34)
Wagaw Lukongolo scores
Enrico Sánchez to second
Runner from 2nd tries for 3rd, SAFE, no throw
Batting: LHB Francisco García 0-0: Ball
1-0: Ball
2-0: Fly out, F9 (Flyball, 9D)
Bottom of the 5th over - 1 run, 2 hits, 1 error, 2 left on base; Panama City 2 - Phoenix 3
TOP OF THE 6TH
Panama City Piranhas batting - Pitching for Phoenix Hotspur : LHP Wes Hamm
Batting: RHB Sergio Ortíz 0-0: Ball
1-0: Ball
2-0: Fly out, F9 (Flyball, 9D)
Batting: RHB Tak-hing Huang 0-0: Ball
1-0: Ground out 5-3 (Groundball, 5L)
Batting: RHB Micah Coffey 0-0: Ball
1-0: Ball
2-0: Foul Ball, location: 2F
2-1: Foul Ball, location: 2F
2-2: Foul Ball, location: 2F
2-2: Foul Ball, location: 2F
2-2: Ball
3-2: Ground out U3 (Groundball, 3L)
Top of the 6th over - 0 runs, 0 hits, 0 errors, 0 left on base; Panama City 2 - Phoenix 3
BOTTOM OF THE 6TH
Phoenix Hotspur batting - Pitching for Panama City Piranhas : RHP Pedro Ramírez
Batting: LHB Tadayoshi Watanabe 0-0: Ball
1-0: Called Strike
1-1: Ground out 5-3 (Groundball, 6S)
Batting: LHB Harumi Takaki 0-0: Ball
1-0: Ball
2-0: Ball
3-0: Foul Ball, location: 2F
3-1: Called Strike
3-2: SOLO HOME RUN (Flyball, 78XD), Distance : 405 ft
Batting: RHB Julián De Paz 0-0: Ball
1-0: Ball
2-0: Ball
3-0: Base on Balls
Batting: LHB Wagaw Lukongolo 0-0: Fly out, F8 (Flyball, 8LD)
Batting: RHB Pierre Bernard 0-0: Fly out, F5 (Popup, 5S)
Bottom of the 6th over - 1 run, 1 hit, 0 errors, 1 left on base; Panama City 2 - Phoenix 4
TOP OF THE 7TH
Panama City Piranhas batting - Pitching for Phoenix Hotspur : LHP Wes Hamm
Batting: RHB Andy Putman 0-0: Fly out, F9 (Flyball, 9LMF)
Batting: LHB Chris McKinney 0-0: Ball
1-0: Ball
2-0: Ball
3-0: Foul Ball, location: 2F
3-1: Called Strike
3-2: Foul Ball, location: 2F
3-2: Base on Balls
Pitching: RHP Mitchell Atwell
Batting: RHB Leo Cadden 0-0: Called Strike
0-1: Ball
1-1: Ball
2-1: Ball
3-1: Foul Ball, location: 2F
3-2: DOUBLE (Flyball, 8LXD)
Chris McKinney to third
Batting: RHB Raúl Ortíz 0-0: Fly out, F8 (Flyball, 8RD)
Runner from 3rd tags up, SCORES, throw made
Batting: RHB Peter Heard 0-0: Called Strike
0-1: Ball
1-1: Foul Ball, location: 2F
1-2: Fly out, F8 (Flyball, 89XD)
Top of the 7th over - 1 run, 1 hit, 0 errors, 1 left on base; Panama City 3 - Phoenix 4
BOTTOM OF THE 7TH
Phoenix Hotspur batting - Pitching for Panama City Piranhas : RHP Pedro Ramírez
Batting: RHB Randy Rehling 0-0: Foul Ball, location: 2F
0-1: Ground out 4-3 (Groundball, 4)
Batting: RHB Enrico Sánchez 0-0: Ball
1-0: Foul Ball, location: 2F
1-1: Ground out 6-3 (Groundball, 6)
Batting: RHB Kyle Bywaters 0-0: Foul Ball, location: 2F
0-1: Foul Ball, location: 2F
0-2: Ball
1-2: SINGLE (Line Drive, 8LS)
Pitching: RHP Edgardo Nava
Batting: LHB Francisco García 0-0: Called Strike
0-1: Ground out 4-3 (Groundball, 4M)
Bottom of the 7th over - 0 runs, 1 hit, 0 errors, 1 left on base; Panama City 3 - Phoenix 4
TOP OF THE 8TH
Panama City Piranhas batting - Pitching for Phoenix Hotspur : RHP Mitchell Atwell
Batting: RHB Mike Strickland 0-0: Called Strike
0-1: Ball
1-1: Ball
2-1: Foul Ball, location: 2F
2-2: Ball
3-2: Strikes out looking
Batting: RHB Sergio Ortíz 0-0: Ball
1-0: Foul Ball, location: 2F
1-1: Foul Ball, location: 2F
1-2: Foul Ball, location: 2F
1-2: Fly out, F9 (Flyball, 89S)
Batting: RHB Tak-hing Huang 0-0: Swinging Strike
0-1: Ball
1-1: Ball
2-1: Called Strike
2-2: Strikes out swinging
Top of the 8th over - 0 runs, 0 hits, 0 errors, 0 left on base; Panama City 3 - Phoenix 4
BOTTOM OF THE 8TH
Phoenix Hotspur batting - Pitching for Panama City Piranhas : RHP Edgardo Nava
Batting: LHB Tadayoshi Watanabe 0-0: Called Strike
0-1: Called Strike
0-2: Ball
1-2: Foul Ball, location: 2F
1-2: Strikes out looking
Batting: LHB Harumi Takaki 0-0: Ball
1-0: Called Strike
1-1: Swinging Strike
1-2: Ball
2-2: Ground out 6-3 (Groundball, 6D)
Batting: RHB Julián De Paz 0-0: Ball
1-0: Swinging Strike
1-1: Swinging Strike
1-2: Foul Ball, location: 2F
1-2: Foul Ball, location: 2F
1-2: Fly out, F9 (Flyball, 9)
Bottom of the 8th over - 0 runs, 0 hits, 0 errors, 0 left on base; Panama City 3 - Phoenix 4
TOP OF THE 9TH
Panama City Piranhas batting - Pitching for Phoenix Hotspur : RHP Mitchell Atwell
Now at 1B: Shojiro Ueda
Pinch Hitting: LHB Roberto Sánchez 0-0: Ball
1-0: Ball
2-0: Ball
3-0: Called Strike
3-1: SOLO HOME RUN (Line Drive, 9LD), Distance : 364 ft
Batting: RHB Andy Putman 0-0: Called Strike
0-1: Ball
1-1: Fly out, F9 (Flyball, 9S)
Batting: LHB Chris McKinney 0-0: Called Strike
0-1: Ball
1-1: Swinging Strike
1-2: Foul Ball, location: 2F
1-2: Strikes out swinging
Pinch Hitting: LHB António Ramos 0-0: Ball
1-0: Called Strike
1-1: Foul Ball, location: 2F
1-2: Ball
2-2: Strikes out swinging, 2-3 out at first.
Top of the 9th over - 1 run, 1 hit, 0 errors, 0 left on base; Panama City 4 - Phoenix 4
BOTTOM OF THE 9TH
Phoenix Hotspur batting - Pitching for Panama City Piranhas : RHP Edgardo Nava
Now at 2B: Xavier Vásquez
Now in RF: Juan Martínez
Batting: LHB Wagaw Lukongolo 0-0: Ball
1-0: Ball
2-0: Called Strike
2-1: Foul Ball, location: 2F
2-2: Foul Ball, location: 2F
2-2: Foul Ball, location: 2F
2-2: Strikes out swinging
Batting: RHB Pierre Bernard 0-0: Fly out, F8 (Flyball, 78D)
Batting: RHB Randy Rehling 0-0: Called Strike
0-1: Ball
1-1: Ball
2-1: Swinging Strike
2-2: Foul Ball, location: 2F
2-2: Ground out 1-3 (Groundball, 15S)
Bottom of the 9th over - 0 runs, 0 hits, 0 errors, 0 left on base; Panama City 4 - Phoenix 4
TOP OF THE 10TH
Panama City Piranhas batting - Pitching for Phoenix Hotspur : RHP Mitchell Atwell
Batting: RHB Raúl Ortíz 0-0: Ball
1-0: Ground out 5-3 (Groundball, 56)
Batting: RHB Peter Heard 0-0: Foul Ball, location: 2F
0-1: Foul Ball, location: 2F
0-2: Foul Ball, location: 2F
0-2: Ball
1-2: Ball
2-2: Fly out, F8 (Flyball, 8RS)
Batting: RHB Mike Strickland 0-0: Foul Ball, location: 2F
0-1: Called Strike
0-2: Ball
1-2: Ball
2-2: Ball
3-2: Fly out, F6 (Line Drive, 6)
Top of the 10th over - 0 runs, 0 hits, 0 errors, 0 left on base; Panama City 4 - Phoenix 4
BOTTOM OF THE 10TH
Phoenix Hotspur batting - Pitching for Panama City Piranhas : RHP Edgardo Nava
Pitching: RHP Folkert van Huizen
Pinch Hitting: RHB Hieronymus Bosch 0-0: Called Strike
0-1: Called Strike
0-2: Strikes out swinging
Batting: RHB Kyle Bywaters 0-0: Ball
1-0: Ball
2-0: SINGLE (Line Drive, 5D)
Batting: LHB Francisco García 0-0: Ball
1-0: Called Strike
1-1: Ball
2-1: Foul Ball, location: 2F
2-2: SINGLE (Groundball, 6MD)
Kyle Bywaters to second
Batting: LHB Shojiro Ueda 0-0: Fly out, F9 (Flyball, 9LM)
Batting: LHB Harumi Takaki 0-0: Ball
1-0: Ball
2-0: Ball
3-0: Called Strike
3-1: Called Strike
3-2: Fly out, F8 (Flyball, 89M)
Bottom of the 10th over - 0 runs, 2 hits, 0 errors, 2 left on base; Panama City 4 - Phoenix 4
TOP OF THE 11TH
Panama City Piranhas batting - Pitching for Phoenix Hotspur : RHP Mitchell Atwell
Now at 2B: Luis Díaz
Batting: RHB Sergio Ortíz 0-0: SINGLE (Groundball, 56D)
Batting: RHB Tak-hing Huang 0-0: Foul Ball, location: 2F
0-1: Ball
1-1: Fly out, F8 (Flyball, 8RD)
Batting: SHB Xavier Vásquez 0-0: Fielders Choice at 2nd, 3-6 (Groundball, 3)
Batting: RHB Andy Putman 0-0: Ball
1-0: Fly out, F8 (Flyball, 8RD)
Top of the 11th over - 0 runs, 1 hit, 0 errors, 1 left on base; Panama City 4 - Phoenix 4
BOTTOM OF THE 11TH
Phoenix Hotspur batting - Pitching for Panama City Piranhas : RHP Folkert van Huizen
Batting: RHB Julián De Paz 0-0: Ball
1-0: Ball
2-0: Foul Ball, location: 2F
2-1: Ball
3-1: SINGLE (Flyball, 89S)
Batting: LHB Wagaw Lukongolo 0-0: Fly out, F8 (Flyball, 8LXD)
Batting: RHB Pierre Bernard 0-0: Ball
1-0: Ball
2-0: Foul Ball, location: 2F
2-1: SINGLE (Line Drive, 4MD)
Julián De Paz to second
Pitching: RHP Erasmo Monteagudo
Batting: RHB Randy Rehling 0-0: Ball
1-0: Foul Ball, location: 2F
1-1: Swinging Strike
1-2: Ball
2-2: Strikes out looking
Batting: LHB Luis Díaz 0-0: Swinging Strike
0-1: Foul Ball, location: 2F
0-2: Ball
1-2: Fly out, F7 (Flyball, 7LMF)
Bottom of the 11th over - 0 runs, 2 hits, 0 errors, 2 left on base; Panama City 4 - Phoenix 4
TOP OF THE 12TH
Panama City Piranhas batting - Pitching for Phoenix Hotspur : RHP Mitchell Atwell
Pitching: RHP Roger Taylor
Batting: LHB Chris McKinney 0-0: Swinging Strike
0-1: Called Strike
0-2: Ball
1-2: Strikes out swinging
Batting: RHB Juan Martínez 0-0: Ground out 5-3 (Groundball, 5)
Batting: RHB Raúl Ortíz 0-0: Swinging Strike
0-1: Ball
1-1: Swinging Strike
1-2: Strikes out looking
Top of the 12th over - 0 runs, 0 hits, 0 errors, 0 left on base; Panama City 4 - Phoenix 4
BOTTOM OF THE 12TH
Phoenix Hotspur batting - Pitching for Panama City Piranhas : RHP Erasmo Monteagudo
Batting: RHB Kyle Bywaters 0-0: Ball
1-0: SINGLE (Groundball, 6MD)
Batting: LHB Francisco García 0-0: Called Strike
0-1: Foul Ball, location: 2F
0-2: Grounds into double play, 5-4-3 (Groundball, 5L)
Batting: LHB Shojiro Ueda 0-0: Ball
1-0: Ground out U3 (Groundball, 3)
Bottom of the 12th over - 0 runs, 1 hit, 0 errors, 0 left on base; Panama City 4 - Phoenix 4
TOP OF THE 13TH
Panama City Piranhas batting - Pitching for Phoenix Hotspur : RHP Roger Taylor
Batting: RHB Peter Heard 0-0: Ball
1-0: Ball
2-0: Ball
3-0: Foul Ball, location: 2F
3-1: Swinging Strike
3-2: Strikes out swinging
Batting: RHB Mike Strickland 0-0: Ball
1-0: Called Strike
1-1: Ground out 6-3 (Groundball, 6MD)
Batting: RHB Sergio Ortíz 0-0: Foul Ball, location: 2F
0-1: Ball
1-1: Ball
2-1: Fly out, F3 (Popup, 3S)
Top of the 13th over - 0 runs, 0 hits, 0 errors, 0 left on base; Panama City 4 - Phoenix 4
BOTTOM OF THE 13TH
Phoenix Hotspur batting - Pitching for Panama City Piranhas : RHP Erasmo Monteagudo
Batting: LHB Harumi Takaki 0-0: Called Strike
0-1: Ball
1-1: Swinging Strike
1-2: Strikes out looking
Pitching: RHP José Alaniz
Batting: RHB Julián De Paz 0-0: Ball
1-0: Called Strike
1-1: Ball
2-1: Ball
3-1: Base on Balls
Batting: LHB Wagaw Lukongolo 0-0: Called Strike
0-1: Ball
1-1: Swinging Strike
1-2: SINGLE (Groundball, 56D)
Julián De Paz to second
Batting: RHB Pierre Bernard 0-0: Fly out, F6 (Line Drive, 6)
Lined into DP, 6-4 (Line Drive, 6)
Bottom of the 13th over - 0 runs, 1 hit, 0 errors, 1 left on base; Panama City 4 - Phoenix 4
TOP OF THE 14TH
Panama City Piranhas batting - Pitching for Phoenix Hotspur : RHP Roger Taylor
Pitching: RHP Adam Garrison
Batting: RHB Tak-hing Huang 0-0: Swinging Strike
0-1: Fly out, F7 (Flyball, 78D)
Batting: SHB Xavier Vásquez 0-0: SINGLE (Line Drive, 4MD)
Batting: RHB Andy Putman 0-0: Ball
1-0: Swinging Strike
1-1: Ball
2-1: Fly out, F8 (Flyball, 8LM)
Batting: LHB Chris McKinney 0-0: Called Strike
0-1: Ball
1-1: Foul Ball, location: 2F
1-2: Ball
2-2: SINGLE (Groundball, 4D)
Xavier Vásquez to second
Runner from 2nd tries for 3rd, SAFE, no throw
Batting: RHB Juan Martínez 0-0: Ball
1-0: Swinging Strike
1-1: Called Strike
1-2: Ball
2-2: Reached on error, E1 (Groundball, 15S)
Xavier Vásquez scores
Chris McKinney to second
Batting: RHB Raúl Ortíz 0-0: Ball
1-0: Called Strike
1-1: Ball
2-1: Ball
Wild Pitch!
Chris McKinney to third
Juan Martínez to second
3-1: Called Strike
3-2: SINGLE (Groundball, 4MD)
Chris McKinney scores
Juan Martínez to third
Juan Martínez scores
Batting: RHB Peter Heard 0-0: Foul Ball, location: 2F
0-1: Swinging Strike
0-2: Fielders Choice at 2nd, 6-4 (Groundball, 6)
Top of the 14th over - 3 runs, 3 hits, 1 error, 1 left on base; Panama City 7 - Phoenix 4
BOTTOM OF THE 14TH
Phoenix Hotspur batting - Pitching for Panama City Piranhas : RHP José Alaniz
Batting: RHB Randy Rehling 0-0: Called Strike
0-1: Swinging Strike
0-2: Ground out 3-1 (Groundball, 34S)
Batting: LHB Luis Díaz 0-0: Ball
1-0: Foul Ball, location: 2F
1-1: Ground out 6-3 (Groundball, 6MS)
Batting: RHB Kyle Bywaters 0-0: Called Strike
0-1: Called Strike
0-2: Ball
1-2: Ball
2-2: Fly out, F3 (Popup, 34)
Bottom of the 14th over - 0 runs, 0 hits, 0 errors, 0 left on base; Panama City 7 - Phoenix 4
Wednesday, September 19th, 2018 - OOTP Baseball 18.8 Build 76